Map: Pylon LE

Players

ManlyManMeat

  • Race: Zerg Zerg
  • League: Diamond
  • Spawn Location: 11:00

VOD

Have the link to the VOD?

Description

Time

  • Played on: June 22, 2025, 1:27 p.m.
  • Length: 5:23
Show
View Real Time Build Order
Export as new Build Order

ManlyManMeat Zerg 

Build Orders:  

Get SALT Encoding   

  12  0:00  Drone  
  13  0:11  Drone  
  14  0:20  Extractor  
  14  0:22  Drone  
  15  0:31  Overlord  
  15  0:58  Drone  
  16  1:06  Hatchery  
  15  1:11  Drone  
  15  1:17  Drone  
  17  1:22  Drone  
  18  1:48  Spawning Pool  
  18  1:49  Extractor  
  16  1:59  Drone x2  
  18  2:05  Drone  
  19  2:15  Drone  
  20  2:54  Queen x2  
  20  2:55  Zergling x4  
  26  3:00  Overlord  
  26  3:18  Drone  
  26  3:19  Drone  
  28  3:27  Overlord  
  28  3:38  Drone x3  
  31  3:57  Drone x2  
  33  4:08  Drone, Hatchery  
  33  4:10  Drone  
  33  4:12  Metabolic Boost  
  34  4:20  Drone x2  
  34  4:29  Overlord  
  36  4:32  Overlord  
  36  4:55  Drone  
  36  4:56  Drone x2  
  41  5:00  Drone x2  
  43  5:10  Extractor  
Tags
 
League
Diamond
Matchup
Co-op
Replay Pack
Myownreplay2
Add a new tag
Caveats
  • Supply blocks, unpowered buildings, or Contaminate may cause inaccurate times.
  • Supply counts are checked every 10 seconds.